 Dungeon Crawl Stone Soup version 0.22-a0-533-g4d20840 (webtiles) character file.

387822 Amnesiac the Spry (level 22, -1/132 HPs)
             Began as a Spriggan Berserker on June 22, 2018.
             Was the Champion of Trog.
             Slain by an Executioner (15 damage)
             ... summoned by Dispater
             ... on level 7 of the Iron City of Dis on June 23, 2018.
             The game lasted 02:58:30 (73556 turns).

Amnesiac the Spry (Spriggan Berserker)             Turns: 73556, Time: 02:58:32

Health: -1/132     AC: 32    Str: 22      XL:     22   Next: 55%
Magic:  0/12       EV: 19    Int: 12      God:    Trog [******]
Gold:   4383       SH:  7    Dex: 14 (16) Spells: 21/21 levels left

rFire    + . .     SeeInvis +   a - +9 quick blade (antimagic)
rCold    + . .     Gourm    .   U - +0 buckler "Apafugua" {rPois}
rNeg     + + +     Faith    .   d - +5 gold dragon scales
rPois    +         Spirit   +   S - +2 hat {Int+3}
rElec    .         Reflect  .   N - scarf {Spirit}
rCorr    .         Harm     .   (gloves unavailable)
MR       +++..                  (boots unavailable)
Stlth    ..........             l - amulet of regeneration
HPRegen  0.72/turn              Z - ring of Noitiamo {+Fly rN++}
MPRegen  0.13/turn              x - ring of positive energy

@: very slightly contaminated, hasted, very quick
A: very small, unfitting armour, icy blue scales 1, rugged brown scales 2, see
invisible, clumsy 1, herbivore, speed 3, slow metabolism 2, strong 1
a: Berserk, Trog's Hand, Brothers in Arms, Renounce Religion, Evoke Flight


You were on level 7 of the Iron City of Dis.
You worshipped Trog.
Trog was exalted by your worship.
You were not hungry.

You visited 8 branches of the dungeon, and saw 40 of its levels.
You also visited: Bailey, Ice Cave and Wizlab.

You collected 7336 gold pieces.
You spent 2953 gold pieces at shops.

Inventory:

Hand Weapons
 a - a +9 antimagic quick blade (weapon)
 b - a +7 fustibalus of flaming
 w - a +7 blowgun
Missiles
 e - 354 stones
 m - 111 sling bullets
 o - 3 steel tomahawks
 z - 5 needles of paralysis
 E - 19 needles of confusion
 G - 7 tomahawks of returning
 Q - 52 tomahawks
 R - 2 throwing nets (quivered)
 V - 11 curare-tipped needles
Armour
 d - +5 gold dragon scales (worn)
 i - a +0 cloak of invisibility
 N - a scarf of spirit shield (worn)
 S - a +2 hat of intelligence (worn)
 U - the +0 buckler "Apafugua" (worn) {rPois}
   (You found it on level 5 of the Lair of Beasts)

   It protects you from poison.
Jewellery
 f - an uncursed ring of fire
 l - an amulet of regeneration (around neck)
 x - a ring of positive energy (right hand)
 P - an uncursed ring of protection from fire
 T - an uncursed ring of resist corrosion
 W - an uncursed amulet of the acrobat
 X - an uncursed ring of flight
 Z - the ring of Noitiamo (left hand) {+Fly rN++}
   (You found it in an ice cave)

   [ring of flight]

   It greatly protects you from negative energy.
   It lets you fly.
Wands
 q - a wand of paralysis (2)
 r - a wand of scattershot (3)
 v - a wand of iceblast (15)
 C - a wand of enslavement (10)
 D - a wand of clouds (11)
 Y - a wand of digging (11)
Scrolls
 g - 3 scrolls of fear {!r}
 j - 24 scrolls of identify {!r}
 k - 5 scrolls of magic mapping {!r}
 n - 10 scrolls of teleportation {!r}
 s - 5 scrolls of fog {!r}
 t - 7 scrolls of blinking {!r}
 H - 4 scrolls of vulnerability {!r}
 J - 11 scrolls of remove curse {!r}
Potions
 h - a potion of cancellation {!q}
 p - 6 potions of resistance {!q}
 u - 2 potions of magic {!q}
 B - 4 potions of might {!q}
 F - 4 potions of haste {!q}
 I - 6 potions of agility {!q}
 L - 3 potions of curing {!q}
Miscellaneous
 A - a lamp of fire
 K - a phial of floods (inert)
 M - the horn of Geryon (inert)
 O - a fan of gales
Comestibles
 c - 9 rations


   Skills:
 - Level 17.1 Fighting
 - Level 8.0 Short Blades
 - Level 12.0(14.6) Slings
 - Level 12.1(13.4) Throwing
 * Level 17.7 Armour
 - Level 19.1 Dodging
 - Level 8.1 Stealth
 - Level 7.2 Shields
 - Level 18.0 Evocations


You had 21 spell levels left.
You didn't know any spells.
Your spell library contained the following spells:

 Spells                   Type           Power        Failure   Level  Hunger
 Fireball                 Conj/Fire      #.........   100%        5    ######.
 Apportation              Tloc           #.....       100%        1    ##.....
 Conjure Flame            Conj/Fire      #.......     100%        3    ####...
 Bolt of Fire             Conj/Fire      #.........   100%        6    #######
 Lightning Bolt           Conj/Air       #.........   100%        5    ######.
 Bolt of Magma            Conj/Fire/Erth #.........   100%        5    ######.
 Confuse                  Hex            #.......     100%        3    ####...
 Invisibility             Hex            #.......     100%        6    #######
 Throw Flame              Conj/Fire      #.....       100%        2    ###....
 Controlled Blink         Tloc           N/A          100%        8    #######
 Ring of Flames           Chrm/Fire      #.........   100%        7    #######
 Teleport Other           Tloc           #.......     100%        3    ####...
 Summon Small Mammal      Summ           #...         100%        1    ##.....
 Bolt of Draining         Conj/Necr      #.........   100%        5    ######.
 Blink                    Tloc           N/A          100%        2    ###....
 Iskenderun's Mystic Bla  Conj           #.......     100%        4    #####..
 Summon Horrible Things   Summ           #.........   100%        8    #######
 Pain                     Necr           #...         100%        1    ##.....
 Animate Skeleton         Necr           N/A          100%        1    ##.....
 Sticky Flame             Conj/Fire      #.......     100%        4    #####..
 Dispel Undead            Necr           #.......     100%        5    ######.
 Sting                    Conj/Pois      #...         100%        1    ##.....
 Sublimation of Blood     Necr           #.........   100%        2    ###....
 Tukima's Dance           Hex            #.......     100%        3    ####...
 Summon Demon             Summ           #.........   100%        5    ######.
 Summon Greater Demon     Summ           #.........   100%        7    #######
 Corpse Rot               Necr           N/A          100%        2    ###....
 Iron Shot                Conj/Erth      #.........   100%        6    #######
 Stone Arrow              Conj/Erth      #.....       100%        3    ####...
 Shock                    Conj/Air       #...         100%        1    ##.....
 Swiftness                Chrm/Air       #.......     100%        2    ###....
 Recall                   Summ/Tloc      N/A          100%        3    ####...
 Agony                    Necr           #.......     100%        5    ######.
 Statue Form              Tmut/Erth      #........    100%        6    #######
 Dragon Form              Tmut           #.........   100%        7    #######
 Airstrike                Air            #.........   100%        4    #####..
 Shadow Creatures         Summ           N/A          100%        6    #######
 Confusing Touch          Hex            #.....       100%        1    ##.....
 Flame Tongue             Conj/Fire      #....        100%        1    ##.....
 Passwall                 Tmut/Erth      #.......     100%        2    ###....
 Ignite Poison            Fire/Tmut/Pois #.......     100%        3    ####...
 Ensorcelled Hibernation  Hex/Ice        #.....       100%        2    ###....
 Metabolic Englaciation   Hex/Ice        #.........   100%        5    ######.
 Shatter                  Erth           #.........   100%        9    #######
 Dispersal                Tloc           #.........   100%        6    #######
 Static Discharge         Conj/Air       #.......     100%        3    ####...
 Corona                   Hex            #......      100%        1    ##.....
 Lee's Rapid Deconstruct  Erth           #.........   100%        5    ######.
 Simulacrum               Ice/Necr       #.........   100%        6    #######
 Excruciating Wounds      Chrm/Necr      #.........   100%        5    ######.
 Portal Projectile        Hex/Tloc       #.....       100%        3    ####...
 Monstrous Menagerie      Summ           #.........   100%        7    #######
 Petrify                  Tmut/Erth      #.......     100%        4    #####..
 Passage of Golubria      Tloc           N/A          100%        4    #####..
 Malign Gateway           Summ/Tloc      #.........   100%        7    #######
 Tornado                  Air            #.........   100%        9    #######
 Leda's Liquefaction      Hex/Erth       #.........   100%        4    #####..
 Summon Hydra             Summ           #.........   100%        7    #######
 Darkness                 Hex            #.........   100%        6    #######
 Shroud of Golubria       Chrm/Tloc      #.........   100%        2    ###....
 Inner Flame              Hex/Fire       #.......     100%        3    ####...
 Aura of Abjuration       Summ           #.........   100%        5    ######.
 Disjunction              Tloc           #.........   100%        8    #######
 Dazzling Spray           Conj/Hex       #.....       100%        3    ####...
 Force Lance              Conj/Tloc      #.......     100%        4    #####..
 Summon Forest            Summ/Tloc      #.........   100%        5    ######.
 Summon Mana Viper        Hex/Summ       #.......     100%        5    ######.
 Hydra Form               Tmut           #.........   100%        6    #######
 Irradiate                Conj/Tmut      #.........   100%        5    ######.
 Gell's Gravitas          Tloc           #.........   100%        3    ####...
 Yara's Violent Unravell  Hex/Tmut       #.........   100%        5    ######.
 Lesser Beckoning         Tloc           #.........   100%        3    ####...
 Ignition                 Fire           #.........   100%        8    #######


Dungeon Overview and Level Annotations

Branches:
Dungeon (15/15)            Temple (1/1) D:4            Lair (6/6) D:9
  Swamp (0/4) Lair:3        Snake (0/4) Lair:3        Slime (0/5) Lair:5
    Orc (2/2) D:11            Elf (3/3) Orc:2        Vaults (0/5) D:14
 Depths (5/5) D:15           Hell (1/1)                 Dis (7/7) Hell
    Geh (0/7) Hell            Coc (0/7) Hell            Tar (0/7) Hell
    Zot (0/5) Depths:5

Altars:
Ashenzari
Cheibriados
Dithmenos
Elyvilon
Fedhas
Gozag
Hepliaklqana
Kikubaaqudgha
Makhleb
Nemelex Xobeh
Okawaru
Qazlal
Ru
Sif Muna
Trog
Uskayaw
Vehumet
Wu Jian
Xom
Yredelemnul
Zin
The Shining One
Beogh

Shops:
D:6 =   D:7 ?   D:10 *   Orc:2 =*[(   Depths:4 *[*

Portals:
Hell: Depths:1 Depths:2 Depths:3 Depths:4 Depths:5
Abyss: Depths:3 Depths:4
Pandemonium: Depths:1 Depths:2 Depths:3 Depths:4 Depths:5
Ziggurat: Depths:2
Trove: D:12 (give 9 potions of agility)

Annotations:
Dis:7 Dispater


Innate Abilities, Weirdness & Mutations

You are very small and have problems with some larger weapons.
You are too small for most types of armour.
You have supernaturally acute eyesight. (SInv)
You are a herbivore.
You cover ground extremely quickly.
You need to consume almost no food.
You are partially covered in icy blue scales. (AC +2)
You are mostly covered in rugged brown scales. (AC +2, +5% HP)
You are clumsy. (Dex -2)
Your muscles are strong. (Str +2)


Message History

The iron golem misses you. The iron golem completely misses you.
Your surroundings suddenly seem different.
Dispater, Lord of the Iron City comes into view.
It is wielding a golden staff.
Dispater shouts, "Thy heart shall be my breakfast!"
A quicksilver dragon comes into view.
The quicksilver dragon roars deafeningly!
An Ice Fiend comes into view.
The Ice Fiend roars!
Dispater gestures.
A Brimstone Fiend comes into view.
The Ice Fiend gestures at you. The bolt of cold misses you.
A mummy comes into view.
The quicksilver dragon breathes dispelling energy at you.
The bolt of dispelling energy hits you!
* * * LOW HITPOINT WARNING * * *
Unknown command.
Really quaff
F - 5 potions of haste {!q}?
You feel yourself speed up.
The Executioner gestures.
The Executioner seems to speed up.
The Ice Fiend gestures at you. The bolt of cold hits you! You resist.
* * * LOW HITPOINT WARNING * * *
You open the large door.
A reaper and 2 Hell Sentinels come into view.
The reaper is wielding a vampiric scythe.
The Hell Sentinel roars! x2
The Executioner gestures at you. You resist with almost no effort.
The reaper shouts, "You must die NOW!"
The Hell Sentinel gestures at you.
The sphere of damnation explodes!
The damnation engulfs you!
* * * LOW HITPOINT WARNING * * *
The Ice Fiend calls on the powers of darkness!
The quicksilver dragon convulses!
Your body is wracked with pain!
* * * LOW HITPOINT WARNING * * *
You hear a roar! "You do not belong in this place!"
The floor vibrates.
Really read
t - 8 scrolls of blinking {!r}?
Blink to where?
Press: ? - help, Dir - move target cursor You are very lightly contaminated with residual magic.
As you read the scroll of blinking {!r}, it crumbles to dust.
Found 164 gold pieces.
Found a lamp of fire.
You now have 4383 gold pieces (gained 36).
Found four items.
You see here 45 gold pieces.
Found a runed glaive, a ring of protection from fire and a crude spear.
You see here 34 gold pieces.
Found a glowing plate armour and a glowing whip.
You see here a lamp of fire.
Found 53 gold pieces.
You see here a phial of floods (inert).
Found 60 gold pieces.
You see here a box of beasts.
You see here an iron rune of Zot.
Evoke which item? (* to show all) (? for menu, Esc to quit)
You produce a hideous howling noise!
The Executioner hits you!
You die...

,,**,,************,,**,*,,,*,,,*,
,**,,**###########*,,***,,,*****,
,*,,***#.........#**,,**,,,+,,,+,
**,** #...###.$$$# **,******,,,**
*,,* ##.#...###$$# *,,* **,,,,,*
#+** #......8##}}# **+***,,***,,
..,*##.......8##}# *,,,*,,,*,*,,
..1##..1#1#...##1# *,,,+,,,,,,,,
.8..'..........#@# *,,,*,,*,,,*,
.82.1ยง...&.....#2#
*,,,*,,,,โ‰ˆ,,,
...##...#.#...##2#
*,,,*,,*,โ‰ˆ,*,
.,,*##....1..8##)#
*,,,*,,,,โ‰ˆ,,, *+**
#..MD..8##)[# **+**,,*,,,*, *,,*
##.#...##*$$# *,,**,,,,,,,, **,**
#...###,,$$# **,***,,**+**,
,*,,**##...,,,...#**,,* *,,*,,,*,
,**,,**#####*******,,*******,,,**


You could see an Executioner and 2 friendly hell beasts.

Vanquished Creatures
  Frederick (Depths:5)
  Geryon (Hell)
  4 caustic shrikes
  2 golden dragons
  A Brimstone Fiend (Dis:7)
  2 liches
  A tentacled monstrosity (Depths:5)
  A Hell Sentinel (Dis:2)
  2 deep elf master archers (Elf:3)
  2 deep elf blademasters (Elf:3)
  An Executioner (Dis:4)
  2 quicksilver dragons
  A sphinx (shapeshifter) (Depths:2)
  2 draconian monks (Depths:5)
  Gastronok (Lair:2)
  2 shadow dragons
  2 storm dragons (Depths:4)
  3 sphinxes
  2 tengu reavers
  8 fire giants
  7 frost giants
  An iron dragon (Hell)
  5 deep elf sorcerers (Elf:3)
  A balrug (Depths:5)
  An orc warlord (Orc:2)
  A draconian scorcher (Depths:5)
  A juggernaut zombie (Depths:2)
  2 draconian knights (Depths:5)
  3 deep elf elementalists (Elf:3)
  3 draconian stormcallers (Depths:5)
  Louise (Elf:2)
  13 reapers
  A spriggan defender (Depths:2)
  11 stone giants
  2 war gargoyles
  A caustic shrike skeleton (Depths:1)
  3 vampire knights
  12 very ugly things
  5 green draconians (Depths:5)
  3 black draconians
  Nessos (Lair:6)
  3 purple draconians (Depths:5)
  4 deep elf annihilators (Elf:3)
  5 deep elf demonologists
  5 spark wasps
  4 red draconians (Depths:5)
  3 yellow draconians (Depths:5)
  8 deep elf death magi
  5 blizzard demons
  2 yaktaur captains
  10 ettins
  3 deep elf high priests (Elf:3)
  5 ogre magi
  8 fire dragons
  A green death (Depths:4)
  4 great orbs of eyes
  9 hydras
  4 rakshasas
  Harold (Lair:4)
  A monstrous demonspawn (Depths:1)
  2 hell beasts
  Fannar (Lair:1)
  Erolcha (Orc:2)
  A hydra (shapeshifter) (Depths:2)
  13 ice dragons
  9 centaur warriors
  5 spriggan air magi
  5 catoblepae
  A death knight (D:15)
  25 two-headed ogres
  30 dancing weapons
  6 death yaks (Lair:6)
  9 deep troll shamans
  9 deep troll earth magi
  6 hell hogs
  3 tengu warriors
  2 spriggan berserkers
  Urug (Orc:2)
  A small abomination (Elf:3)
  An orc high priest (Orc:2)
  15 deep elf knights
  8 sun demons
  Nergalle (D:11)
  10 soul eaters
  2 salamander mystics
  6 iron trolls
  16 skeletal warriors
  2 shadow wraiths (Hell)
  5 hell knights
  2 spark wasp zombies (Depths:1)
  A ghost moth zombie (Dis:2)
  A golden dragon zombie (Hell)
  5 unseen horrors
  36 deep trolls
  A shadow demon (WizLab)
  A fire crab (shapeshifter) (Depths:2)
  A gelid demonspawn (Depths:1)
  An unseen horror (shapeshifter) (Depths:5)
  3 flayed ghosts
  A glowing orange brain (shapeshifter) (Depths:5)
  2 anaconda zombies (Hell)
  2 wizards
  6 phantasmal warriors
  A quicksilver dragon simulacrum (Depths:5)
  6 glowing orange brains
  A harpy (shapeshifter) (Elf:2)
  16 deep elf archers
  Pikel (D:6)
  5 harpies (Depths:1)
  9 necromancers
  A wolf spider (D:15)
  A shining eye (shapeshifter) (Depths:2)
  4 orc knights
  51 deep elf magi
  10 manticores
  7 orc sorcerers
  2 oklob plants (Lair:1)
  A fire giant zombie (Depths:2)
  10 ugly things
  8 salamanders
  A sphinx skeleton (Depths:3)
  5 cyclopes
  A stone giant skeleton (Depths:1)
  A stone giant zombie (Depths:1)
  2 frost giant skeletons (Depths:3)
  2 centaur zombies
  An iron dragon skeleton (Depths:1)
  2 guardian serpents (Depths:4)
  5 black mambas
  An elephant (shapeshifter) (Depths:2)
  An orange demon (Depths:1)
  5 ice statues
  Psyche (D:8)
  17 rust devils
  A fire giant skeleton (Depths:2)
  A gargoyle (D:15)
  5 large abominations
  2 titan simulacra (Depths:1)
  2 molten gargoyles (Depths:1)
  4 hellions
  10 spiny frogs
  A spriggan zombie (Depths:1)
  9 komodo dragons
  4 spectral swamp worms (Depths:4)
  2 efreet (Depths:5)
  2 demonic crawlers
  4 rime drakes
  8 ice devils
  7 tormentors
  5 freezing wraiths
  A hellwing (Depths:3)
  20 yaktaurs
  2 tengu conjurers
  A kobold demonologist (D:13)
  A hydra zombie (Hell)
  9 red devils
  2 polar bears (D:11)
  A harpy zombie (Dis:6)
  3 trolls
  A meliai (shapeshifter) (D:15)
  A tyrant leech (shapeshifter) (Depths:4)
  A troll (shapeshifter) (Depths:2)
  A tengu simulacrum (Depths:1)
  2 hornets
  A merfolk (shapeshifter) (Depths:2)
  Prince Ribbit (D:5)
  5 meliai
  2 hornets (shapeshifter)
  7 hippogriffs
  25 blink frogs
  A hydra skeleton (Hell)
  An alligator zombie (Hell)
  24 slime creatures
  2 ettin zombies
  6 shadows
  A fire dragon skeleton (Depths:1)
  Sigmund (D:2)
  A spriggan (D:14)
  A deep troll skeleton (Depths:1)
  7 flying skulls
  2 air elementals (Elf:2)
  2 hogs (D:11)
  10 fire elementals
  2 black mamba zombies
  A redback (D:15)
  6 water elementals
  8 wraiths
  A tarantella (D:15)
  A ynoxinul (WizLab)
  2 fire bats (Depths:1)
  4 chaos spawn
  3 wyverns
  66 yaks
  5 hungry ghosts
  8 vampire mosquitoes
  2 basilisks
  2 neqoxecs
  Grum (D:9)
  A soldier ant (D:11)
  4 wargs
  A two-headed ogre zombie (D:11)
  A merfolk zombie (Hell)
  A floating eye (Depths:2)
  2 spiny frog zombies (Hell)
  2 acid dragons
  21 water moccasins
  13 hell hounds
  50 orc warriors
  6 sky beasts
  An eye of draining (shapeshifter) (D:15)
  A hornet zombie (D:11)
  24 ice beasts
  8 porcupines
  2 phantoms
  2 spiny frog skeletons (Hell)
  3 slaves (D:7)
  An ettin simulacrum (Depths:2)
  10 wolves
  An eye of draining (D:15)
  11 black bears
  4 necrophages
  15 ogres
  10 boggarts (Depths:3)
  17 centaurs
  13 crocodiles
  5 elf zombies (Elf:1)
  A big kobold (D:12)
  20 bullfrogs
  4 earth elementals
  A gnoll sergeant (Orc:2)
  A water moccasin zombie (D:6)
  6 scorpions
  6 killer bees (D:9)
  2 troll zombies (D:11)
  5 wights (Dis:2)
  2 electric eels (Lair:1)
  2 howler monkeys
  A bullfrog zombie (D:12)
  8 crimson imps
  7 hounds
  20 orc priests
  3 bullfrog skeletons
  4 centaur skeletons
  2 human zombies
  4 quasits
  A hound (shapeshifter) (Depths:1)
  7 iron imps
  6 jellies
  33 orc wizards
  3 iguanas
  8 worker ants
  3 hell rats (Depths:1)
  5 ogre zombies (D:11)
  2 hound skeletons
  A mummy (Dis:1)
  4 gnolls
  16 adders
  5 shadow imps
  9 white imps
  An ooze (D:7)
  An adder skeleton (D:4)
  An adder zombie (D:7)
  A dart slug (D:5)
  4 leopard geckos
  85 orcs
  A ball python (D:1)
  5 giant cockroaches
  8 goblins
  6 hobgoblins
  3 quokkas
  4 bats
  5 frilled lizards
  A goblin skeleton (D:11)
  3 goblin zombies (D:11)
  2 hobgoblin zombies (D:11)
  14 kobolds
  A leopard gecko zombie (D:8)
  4 orc skeletons (D:11)
  15 orc zombies (D:11)
  5 rats
  A butterfly (Lair:5)
  A crawling corpse (Elf:3)
  A fungus (Lair:1)
  A plant (Lair:1)
1573 creatures vanquished.

Vanquished Creatures (collateral kills)
  A Brimstone Fiend (WizLab)
  A tengu reaver (Depths:2)
  2 fire giants
  A balrug (WizLab)
  A cacodemon (WizLab)
  A spriggan defender (Depths:2)
  A reaper (WizLab)
  A very ugly thing (Depths:2)
  3 stone giants
  A lorocyproca (WizLab)
  2 spark wasps (Depths:2)
  A blizzard demon (WizLab)
  A two-headed ogre (shapeshifter) (Depths:2)
  2 deep troll earth magi (Depths:2)
  2 spriggan berserkers (Depths:2)
  2 ugly things (Depths:2)
  2 manticores (Depths:1)
  A rust devil (Dis:2)
  A smoke demon (WizLab)
  A spectral swamp worm (Depths:4)
  A tormentor (WizLab)
  2 tengu conjurers (Depths:2)
  A neqoxec (Depths:1)
32 creatures vanquished.

Vanquished Creatures (others)
  An eldritch tentacle (Dis:1)
  6 spark wasps
  A fire dragon (Depths:1)
  A hydra (Depths:1)
  A hell knight (Depths:1)
  A quicksilver dragon simulacrum (Depths:5)
  A meliai (D:14)
  A hell hound (Dis:1)
  A slave (D:7)
  3 ettin simulacra (Depths:5)
  An orc wizard (Orc:2)
  A hell rat (Depths:1)
  4 fungi
  10 plants
33 creatures vanquished.

Grand Total: 1638 creatures vanquished

Notes
Turn   | Place    | Note
-------+----------+-------------------------------------------
     0 | D:1      | Amnesiac the Spriggan Berserker began the quest for the Orb.
     0 | D:1      | Reached XP level 1. HP: 11/11 MP: 2/2
    52 | D:1      | Reached skill level 1 in Stealth
   318 | D:1      | Reached XP level 2. HP: 16/16 MP: 3/3
   894 | D:1      | Reached XP level 3. HP: 19/19 MP: 4/4
  1037 | D:2      | Found a faded altar of an unknown god.
  1393 | D:2      | Noticed Sigmund
  1437 | D:2      | Killed Sigmund
  1437 | D:2      | Reached skill level 5 in Short Blades
  1437 | D:2      | Reached skill level 5 in Dodging
  1437 | D:2      | Reached skill level 5 in Stealth
  1437 | D:2      | Reached XP level 4. HP: 23/23 MP: 5/5
  1437 | D:2      | Reached XP level 5. HP: 27/27 MP: 6/6
  1560 | D:2      | You fall through a shaft for 2 floors!
  1597 | D:4      | Found a staircase to the Ecumenical Temple.
  1608 | D:4      | Noticed a phantom
  1688 | D:3      | Reached ** piety under Trog
  2062 | D:3      | Found a radiant altar of Vehumet.
  2070 | D:3      | Found a sacrificial altar of Ru.
  3041 | Temple   | Entered the Ecumenical Temple
  3410 | D:4      | Reached skill level 6 in Dodging
  3410 | D:4      | Reached XP level 6. HP: 6/32 MP: 7/7
  4271 | D:5      | Entered Level 5 of the Dungeon
  4479 | D:5      | Found a shadowy altar of Dithmenos.
  4599 | D:4      | Found a blossoming altar of Fedhas.
  4622 | D:4      | Reached skill level 1 in Evocations
  5012 | D:5      | Reached XP level 7. HP: 35/35 MP: 9/9
  5236 | D:5      | Noticed Prince Ribbit
  5261 | D:5      | Killed Prince Ribbit
  5261 | D:5      | Reached skill level 7 in Dodging
  5419 | D:6      | Gained mutation: Armour fits poorly on your strangely shaped body. [potion of mutation]
  5419 | D:6      | Gained mutation: You possess an exceptional clarity of mind. [potion of mutation]
  5419 | D:6      | Gained mutation: Your muscles are strong. (Str +2) [potion of mutation]
  5419 | D:6      | Gained mutation: You are partially covered in rugged brown scales. (AC +1, +3% HP) [potion of mutation]
  5557 | D:6      | Reached XP level 8. HP: 40/40 MP: 12/12
  5584 | D:6      | Reached skill level 5 in Evocations
  5844 | D:6      | Found a deep blue altar of Sif Muna.
  6116 | D:6      | Found Abig's Jewellery Emporium.
  6172 | D:6      | Found an iron altar of Okawaru.
  6174 | D:6      | Found a snail-covered altar of Cheibriados.
  6231 | D:6      | Reached *** piety under Trog
  6388 | D:7      | Noticed a hornet
  6435 | D:7      | Found Boeluk's Magic Scroll Shoppe.
  6585 | D:7      | Reached skill level 8 in Dodging
  6732 | D:7      | Found a flagged portal.
  6885 | Bailey   | Entered a bailey
  6895 | Bailey   | Reached XP level 9. HP: 37/45 MP: 14/16
  6920 | Bailey   | Reached skill level 5 in Fighting
  7219 | D:7      | Noticed Pikel
  7303 | D:6      | Killed Pikel
  7303 | D:6      | Reached **** piety under Trog
  7494 | D:7      | Paralysed by a hornet for 1 turns
  7495 | D:7      | HP: 2/51 [bullfrog skeleton (2)]
  7731 | D:7      | Reached XP level 10. HP: 53/57 MP: 17/17
  7832 | D:7      | Found a shattered altar of Ashenzari.
  8196 | D:8      | Noticed a two-headed ogre
  8200 | D:8      | Killed a two-headed ogre
  8674 | D:8      | Noticed Psyche
  8724 | D:8      | Killed Psyche
  8996 | D:9      | Noticed a two-headed ogre
  9291 | D:9      | Killed a two-headed ogre
  9291 | D:9      | Reached skill level 9 in Dodging
  9334 | D:9      | Found a staircase to the Lair.
  9546 | D:9      | Reached ***** piety under Trog
  9547 | D:9      | Noticed an unseen horror
  9552 | D:9      | Reached XP level 11. HP: 29/64 MP: 19/19
  9554 | D:9      | Killed an unseen horror
  9554 | D:9      | Reached skill level 10 in Dodging
  9749 | D:9      | Noticed Grum
  9997 | D:9      | Reached skill level 10 in Fighting
 10279 | D:9      | Killed Grum
 10375 | D:9      | Reached skill level 10 in Evocations
 10669 | Lair:1   | Entered Level 1 of the Lair of Beasts
 10885 | Lair:1   | Received a gift from Trog
 11265 | Lair:1   | Reached skill level 11 in Dodging
 11311 | Lair:1   | Noticed Fannar
 11403 | Lair:1   | Killed Fannar
 11751 | Lair:1   | Noticed an oklob plant
 11751 | Lair:1   | Noticed an oklob plant
 12802 | Lair:2   | Noticed Gastronok
 12814 | Lair:2   | Noticed a six-headed hydra
 12865 | Lair:2   | Killed a six-headed hydra
 12996 | Lair:2   | Reached XP level 12. HP: 72/72 MP: 21/21
 13003 | Lair:2   | Reached skill level 12 in Dodging
 13259 | Lair:2   | Killed Gastronok
 14727 | Lair:3   | Found a staircase to the Swamp.
 14822 | Lair:2   | Reached skill level 13 in Dodging
 15487 | Lair:3   | Found a staircase to the Snake Pit.
 15614 | Lair:3   | Received a gift from Trog
 16484 | Lair:4   | Reached skill level 1 in Throwing
 16798 | Lair:4   | Noticed Harold
 16928 | Lair:4   | Killed Harold
 16928 | Lair:4   | Reached XP level 13. HP: 72/78 MP: 7/23
 17501 | Lair:5   | Reached skill level 5 in Throwing
 17911 | Lair:5   | Got a crude buckler
 17917 | Lair:5   | Identified the +0 buckler "Apafugua" {rPois} (You found it on level 5 of the Lair of Beasts)
 17953 | Lair:5   | Found a staircase to the Slime Pits.
 18341 | Lair:6   | Entered Level 6 of the Lair of Beasts
 19365 | Lair:6   | Received a gift from Trog
 19378 | Lair:6   | Reached skill level 1 in Slings
 19616 | Lair:6   | Noticed Nessos
 19632 | Lair:6   | Killed Nessos
 19678 | Lair:6   | Reached skill level 5 in Slings
 21017 | Lair:6   | Received a gift from Trog
 21041 | Lair:6   | Reached skill level 1 in Shields
 21178 | Lair:6   | Reached XP level 14. HP: 59/83 MP: 8/24
 21488 | D:10     | Entered Level 10 of the Dungeon
 21612 | D:10     | Identified a scroll of acquirement {!r}
 21681 | D:10     | Got a dull robe
 21692 | D:10     | Identified the +2 robe of the Thinker {Str+6 Dex-4 Stlth+} (You acquired it on level 10 of the Dungeon)
 21923 | D:10     | Found Alieb's Assorted Antiques.
 22457 | D:11     | Found a huge runed gate.
 22462 | D:11     | Found a huge runed gate.
 22462 | D:11     | Found a huge runed gate.
 22462 | D:11     | Found a huge runed gate.
 22575 | D:11     | Reached skill level 5 in Shields
 22792 | D:11     | Found a staircase to the Orcish Mines.
 22794 | D:11     | Noticed Nergalle
 22899 | D:11     | Killed Nergalle
 22899 | D:11     | Reached ****** piety under Trog
 23053 | D:11     | Received a gift from Trog
 23827 | D:12     | Found a frozen archway.
 23917 | IceCv    | Entered an ice cave
 24528 | IceCv    | Received a gift from Trog
 24528 | IceCv    | Reached skill level 1 in Armour
 24732 | IceCv    | Got a shimmering golden ring
 24735 | IceCv    | Identified the ring of Noitiamo {+Fly rN++} (You found it in an ice cave)
 24748 | IceCv    | Lost mutation: Your muscles are strong. (Str +2) [potion of mutation]
 24748 | IceCv    | Lost mutation: Armour fits poorly on your strangely shaped body. [potion of mutation]
 24748 | IceCv    | Lost mutation: You possess an exceptional clarity of mind. [potion of mutation]
 24748 | IceCv    | Gained mutation: Armour fits poorly on your strangely shaped body. [potion of mutation]
 24748 | IceCv    | Gained mutation: You do not regenerate when monsters are visible. [potion of mutation]
 24748 | IceCv    | Gained mutation: You are partially covered in icy blue scales. (AC +2) [potion of mutation]
 24748 | IceCv    | Gained mutation: You have sharp fingernails. [potion of mutation]
 24920 | D:12     | Lost mutation: You do not regenerate when monsters are visible. [potion of mutation]
 24920 | D:12     | Lost mutation: You have sharp fingernails. [potion of mutation]
 24920 | D:12     | Gained mutation: You tend to lose your temper in combat. [potion of mutation]
 24920 | D:12     | Gained mutation: You are mostly covered in icy blue scales. (AC +3) [potion of mutation]
 24920 | D:12     | Gained mutation: Your muscles are strong. (Str +2) [potion of mutation]
 24921 | D:12     | Lost mutation: Your muscles are strong. (Str +2) [potion of mutation]
 24921 | D:12     | Lost mutation: You are mostly covered in icy blue scales. (AC +3) [potion of mutation]
 24921 | D:12     | Gained mutation: You are resistant to hostile enchantments. (MR+) [potion of mutation]
 24921 | D:12     | Gained mutation: You are clumsy. (Dex -2) [potion of mutation]
 24921 | D:12     | Gained mutation: You are highly resistant to hostile enchantments. (MR++) [potion of mutation]
 24921 | D:12     | Gained mutation: You are mostly covered in rugged brown scales. (AC +2, +5% HP) [potion of mutation]
 24922 | D:12     | Lost mutation: You tend to lose your temper in combat. [potion of mutation]
 24922 | D:12     | Lost mutation: Armour fits poorly on your strangely shaped body. [potion of mutation]
 24922 | D:12     | Lost mutation: You are highly resistant to hostile enchantments. (MR++) [potion of mutation]
 24922 | D:12     | Lost mutation: You are resistant to hostile enchantments. (MR+) [potion of mutation]
 24922 | D:12     | Gained mutation: Your muscles are strong. (Str +2) [potion of mutation]
 25399 | D:12     | Found a portal to a secret trove of treasure.
 26074 | D:13     | Noticed Maurice
 26093 | D:13     | Noticed Maurice
 26093 | D:13     | Maurice changed into Maurice the wyvern
 26098 | D:13     | Killed Maurice the wyvern
 26547 | D:14     | Reached skill level 10 in Slings
 26993 | D:14     | Reached XP level 15. HP: 44/89 MP: 8/25
 27226 | D:14     | Found a gate to the Vaults.
 27447 | D:14     | Received a gift from Trog
 27792 | D:15     | Entered Level 15 of the Dungeon
 28227 | D:15     | Reached skill level 5 in Armour
 28248 | D:15     | Received a gift from Trog
 29214 | D:15     | Found a staircase to the Depths.
 29214 | D:15     | Noticed a frost giant
 29242 | D:15     | Killed a frost giant
 29794 | D:14     | HP: 4/89 [meliai/divine providence (17)]
 30242 | Orc:1    | Entered Level 1 of the Orcish Mines
 30783 | Orc:2    | Entered Level 2 of the Orcish Mines
 30977 | Orc:2    | Found a staircase to the Elven Halls.
 31034 | Orc:2    | Reached skill level 10 in Throwing
 31100 | Orc:2    | Noticed Erolcha
 31220 | Orc:2    | Noticed an orc warlord
 31309 | Orc:1    | Received a gift from Trog
 31558 | Orc:2    | Killed Erolcha
 31892 | Orc:2    | Noticed Urug
 31972 | Orc:2    | Received a gift from Trog
 32223 | Orc:2    | Killed an orc warlord
 32391 | Orc:2    | Found a roughly hewn altar of Beogh.
 32458 | Orc:2    | Found Saiwawuy's Antique Weapon Shoppe.
 32474 | Orc:2    | Found Toffam's Antique Armour Shoppe.
 32507 | Orc:2    | Killed Urug
 32627 | Orc:2    | Found Tiytal's General Store.
 32670 | Orc:2    | Bought a runed buckler for 270 gold pieces
 32901 | Orc:2    | Found Kyvoshen's Jewellery Shoppe.
 33202 | D:7      | Bought a scroll of enchant weapon for 112 gold pieces
 33202 | D:7      | Bought a scroll of enchant weapon for 112 gold pieces
 33202 | D:7      | Bought a scroll of blinking for 112 gold pieces
 33202 | D:7      | Bought a scroll of teleportation for 45 gold pieces
 33202 | D:7      | Bought a scroll of magic mapping for 52 gold pieces
 33419 | Depths:1 | Entered Level 1 of the Depths
 33517 | Depths:1 | Received a gift from Trog
 33517 | Depths:1 | Reached XP level 16. HP: 94/94 MP: 8/26
 33871 | Depths:1 | Found a gateway to Hell.
 34608 | Depths:1 | HP: 1/94 [stone giant/large rock (49)]
 35291 | Elf:1    | Entered Level 1 of the Elven Halls
 35327 | Elf:1    | Found a radiant altar of Vehumet.
 35915 | Elf:1    | Received a gift from Trog
 35946 | Elf:1    | Identified Kikubaaqudgha's Disquisition on Dark Secrets
 36402 | Elf:1    | Received a gift from Trog
 36552 | Elf:2    | Found a huge runed gate.
 36552 | Elf:2    | Found a huge runed gate.
 36552 | Elf:2    | Found a huge runed gate.
 36553 | Elf:2    | Found a huge runed gate.
 36554 | Elf:2    | Found a huge runed gate.
 36718 | Elf:2    | Received a gift from Trog
 36831 | Elf:2    | Reached skill level 10 in Armour
 36926 | Elf:2    | Received a gift from Trog
 37393 | Elf:2    | Reached XP level 17. HP: 79/98 MP: 1/27
 37652 | Elf:2    | Noticed Louise
 37753 | Elf:2    | Killed Louise
 38413 | Elf:2    | Received a gift from Trog
 38417 | Elf:2    | Got a pitted hunting sling {god gift}
 38418 | Elf:2    | Identified the +7 hunting sling of Truth {speed, Str+4} (Trog gifted it to you on level 2 of the Elven Halls)
 39100 | Elf:3    | Identified a paperback manual
 39100 | Elf:3    | Entered Level 3 of the Elven Halls
 41059 | Elf:3    | Received a gift from Trog
 41317 | Elf:3    | Reached skill level 14 in Dodging
 41436 | Elf:3    | Noticed a deep elf blademaster
 41449 | Elf:3    | Killed a deep elf blademaster
 41492 | Elf:3    | Reached XP level 18. HP: 103/105 MP: 28/28
 42105 | Elf:3    | Got a fine robe
 42288 | Elf:3    | Identified the Disquisition on the Birds and Snow
 42329 | Elf:3    | Identified the Incunabulum of Evil Arcane Weapons
 42342 | Elf:3    | Got an ebony hunting sling
 42343 | Elf:3    | Identified the cursed +0 hunting sling "Penkuam" {velocity, Dex+3 SInv} (You found it on level 3 of the Elven Halls)
 42423 | Elf:3    | Received a gift from Trog
 43261 | Depths:1 | Reached skill level 15 in Dodging
 43651 | Depths:1 | Found a one-way gate leading to the halls of Pandemonium.
 43779 | Depths:1 | Received a gift from Trog
 45315 | Depths:2 | Found a gateway to a ziggurat.
 45337 | Depths:2 | Reached skill level 16 in Dodging
 45566 | Depths:2 | Received a gift from Trog
 45625 | Depths:2 | Found a magical portal.
 45634 | WizLab   | Entered Doroklohe's Tomb
 45973 | WizLab   | Found the +5 scythe "Finisher" {speed, Str+3}
 45994 | WizLab   | Noticed a Brimstone Fiend
 46028 | WizLab   | Killed a Brimstone Fiend
 46028 | WizLab   | Reached XP level 19. HP: 75/112 MP: 12/31
 47799 | Depths:2 | Reached skill level 15 in Evocations
 47844 | Depths:2 | Reached skill level 15 in Fighting
 48492 | Depths:2 | Received a gift from Trog
 48501 | Depths:2 | Noticed a golden dragon
 48501 | Depths:2 | a shadow dragon changed into a golden dragon
 48505 | Depths:2 | a golden dragon changed into an iron dragon
 48517 | Depths:2 | Reached skill level 17 in Dodging
 48518 | Depths:2 | Noticed a golden dragon
 48520 | Depths:2 | Noticed an iron giant
 48520 | Depths:2 | a golden dragon changed into an iron giant
 48525 | Depths:2 | an iron giant changed into a shadow dragon
 50360 | Depths:2 | Noticed a lich
 50391 | Depths:2 | Killed a lich
 51051 | Depths:2 | Received a gift from Trog
 51879 | Depths:3 | Received a gift from Trog
 52028 | Depths:3 | Received a gift from Trog
 52261 | Depths:3 | Reached XP level 20. HP: 40/119 MP: 5/33
 52271 | Depths:3 | Reached skill level 18 in Dodging
 54022 | Depths:3 | Received a gift from Trog
 54891 | Depths:3 | Found a one-way gate to the infinite horrors of the Abyss.
 55811 | Depths:4 | Found Gozag's Antique Armour Shoppe.
 55987 | Depths:4 | Found an opulent altar of Gozag.
 55987 | Depths:4 | Noticed a golden dragon
 55991 | Depths:4 | Found Gozag's Assorted Antiques.
 56043 | Depths:4 | Received a gift from Trog
 56054 | Depths:4 | Found Gozag's Assorted Antiques.
 56630 | Depths:4 | Reached skill level 19 in Dodging
 56657 | Depths:4 | Killed a golden dragon
 57780 | Depths:5 | Entered Level 5 of the Depths
 58593 | Depths:5 | Received a gift from Trog
 58844 | Depths:5 | Found a white marble altar of Elyvilon.
 58878 | Depths:5 | Reached XP level 21. HP: 78/127 MP: 24/35
 59426 | Depths:4 | Bought 3 scrolls of enchant weapon for 2250 gold pieces
 59780 | Depths:5 | Received a gift from Trog
 59868 | Depths:5 | Noticed a caustic shrike
 59872 | Depths:5 | Noticed a caustic shrike
 59872 | Depths:5 | Noticed a caustic shrike
 59873 | Depths:5 | Noticed a caustic shrike
 59903 | Depths:4 | Killed a caustic shrike
 60433 | Depths:4 | Killed a caustic shrike
 61478 | Depths:5 | Killed a caustic shrike
 61633 | Depths:5 | Found a sacrificial altar of Ru.
 61707 | Depths:5 | Reached skill level 15 in Armour
 62497 | Depths:5 | Killed a caustic shrike
 62954 | Depths:5 | Found an iron altar of Okawaru.
 62957 | Depths:5 | Noticed a golden dragon
 62987 | Depths:5 | Killed a golden dragon
 63262 | Depths:5 | Noticed Frederick
 63682 | Depths:5 | Found a snail-covered altar of Cheibriados.
 63756 | Depths:5 | Found a gate to the Realm of Zot.
 63894 | Depths:5 | Killed Frederick
 63939 | Depths:5 | Got a twitching glass ring
 63941 | Depths:5 | Identified the ring "Helakocaf" {rC- MP+9 Int+7 SInv} (You acquired it on level 5 of the Depths)
 63999 | Hell     | Entered the Vestibule of Hell
 63999 | Hell     | Noticed Geryon
 64006 | Depths:5 | Received a gift from Trog
 66492 | Depths:1 | Reached XP level 22. HP: 22/132 MP: 6/36
 67121 | Depths:1 | Received a gift from Trog
 67141 | Depths:1 | HP: 1/132 [hell knight/enchanted great sword (9)]
 67655 | Depths:1 | Got a transparent rapier {god gift}
 69295 | Hell     | Identified the +9 rapier of the Equinox {pierce, Int-5 Dex+4 Stlth+} (Trog gifted it to you on level 1 of the Depths)
 69305 | Hell     | Killed Geryon
 69694 | Hell     | Found a gateway to the freezing wastes of Cocytus.
 69800 | Hell     | Found a gateway to the decaying netherworld of Tartarus.
 70010 | Hell     | Received a gift from Trog
 70271 | Hell     | Found a gateway to the ashen valley of Gehenna.
 70613 | Hell     | Found a gateway to the Iron City of Dis.
 70892 | Dis:1    | Entered Level 1 of the Iron City of Dis
 71580 | Dis:1    | Received a gift from Trog
 72404 | Dis:2    | Received a gift from Trog
 73504 | Dis:7    | Entered Level 7 of the Iron City of Dis
 73537 | Dis:7    | Noticed Dispater
 73556 | Dis:7    | Slain by an Executioner

Vault maps used:
D:1:      scummos_arrival_forest, amethyst_killhole
D:2:      minmay_door_path, chequers_ecumenical_altar_simple_redux,
          minmay_distorted, uniq_sigmund
D:3:      minitemple, kennysheep_minor_cross, serial_bayou_pond_e, st_stairs_14,
          minivault_5
D:4:      minmay_temple_entry_grid, fedhas_altar_1
D:5:      old_standard_altar, first_ration, minmay_misc_feat_chi,
          uniq_prince_ribbit1
D:6:      nicolae_overflow_hidden_temple, serial_shops,
          nicolae_shop_statue_plus, grunt_ministairs_3, led_sif_book
D:7:      lemuel_coloured_pillars_altar, serial_shops, nicolae_shop_statue_plus,
          enter_bailey_3, uniq_pikel
D:8:      uniq_psyche
D:9:      dpeg_oklobed_lair, uniq_grum
D:10:     serial_shops, kennysheep_little_box
D:11:     lemuel_bear_cage, zombieorc2_lemuel, uniq_nergalle
D:12:     nicolae_trove_entry_crystal, portal_ice_cave_entry_ice_beasts
D:13:     uniq_maurice
D:14:     erik_vaults_1, roderic_lattice_octagonal_star, hangedman_stone_soup
D:15:     grunt_enter_depths_snipers, minmay_misc_feat_roman, minmay_three_doors
Temple:   compressed_dpeg_circular_temple
Lair:1:   serial_bayou_ford_a, serial_bayou_shore_a, grunt_megastairs_2,
          minmay_lair_oklob_chamber, lemuel_fruit_fields, serial_bayou_shore_b,
          infiniplex_staircase_pool_2, uniq_fannar
Lair:2:   minivault_11, uniq_gastronok
Lair:3:   swamp_mist, minmay_snake_entry_six_corridors, serial_bayou_shore_b
Lair:4:   serial_bayou_crossing, uniq_harold
Lair:5:   dpeg_slime_entry_corner, lemuel_fruit_fields
Lair:6:   evilmike_catoblepas_cave, grunt_megastairs_4, uniq_nessos
Orc:1:    nicolae_orc_accident_1
Orc:2:    grunt_orc_cross, sword_in_stone, uniq_erolcha
Elf:1:    eino_elf_arrival_altar, minmay_elf_necromancy
Elf:2:    uniq_louise
Elf:3:    minmay_elf_hall_curves
Depths:1: hangedman_abyss_or_decor_stagger, grunt_pan_entry_spiral,
          special_room, hell_entry, hangedman_abyss_or_decor_slice,
          kennysheep_generic_room_2
Depths:2: grunt_twisty_corner, enter_ziggurat_f, grunt_decor_mini_mirrors,
          mu_enter_wizlab_3, rand_demon_pan_entry_9, hangedman_coc_ice_floe,
          basic_stair_grate_trap
Depths:3: kennysheep_six_static_rooms, rand_demon_pan_entry_7, hell_entry,
          solitary_fountain, abyss_entry, kennysheep_small_circle
Depths:4: kennysheep_gozag_temple, rand_demon_pan_entry_5,
          pf_hell_entry_tar_river, minmay_misc_feat_columns,
          hangedman_abyss_entry_splay
Depths:5: grunt_profane_halls, hell_entry, pan_entry, uniq_frederick
Dis:7:    iron_city_of_dis
Bailey:   bailey_polearm_4, bailey
IceCv:    ice_cave_small_dragons
WizLab:   wizlab_doroklohe

Skill      XL: |  1  2  3  4  5  6  7  8  9 10 11 12 13 14 15 16 17 18 19 20 21 22 |
---------------+-------------------------------------------------------------------+-----
Stealth        | 2 3 5 6 7 8 |  8.1
Short Blades   | 5 6 7 8 |  8.0
Dodging        | 5 6 7 8 9 11 13 14 16 17 19 | 19.1
Evocations     | 1 4 8 9 11 13 14 16 18 | 18.0
Fighting       | 3 7 9 11 12 13 14 16 17 | 17.1
Throwing       | 3 8 10 12 | 12.1
Slings         | 8 10 12 | 12.0
Shields        | 2 7 |  7.2
Armour         | 3 8 10 13 16 17 | 17.7

Action                   |  1- 3 |  4- 6 |  7- 9 | 10-12 | 13-15 | 16-18 | 19-21 | 22-24 || total
-------------------------+-------+-------+-------+-------+-------+-------+-------+-------++-------
Melee: Short sword       |    81 |   151 |   293 |   772 |       |       |       |       ||  1297
       Quick blade       |       |       |       |   177 |  4106 |  1777 |   501 |   111 ||  6672
       Rapier            |       |       |       |       |       |       |       |    18 ||    18
 Fire: Blowgun           |       |       |       |       |     4 |     7 |    11 |     9 ||    31
       Fustibalus        |       |       |       |       |     9 |       |  1959 |   867 ||  2835
       Hunting sling     |       |       |       |       |       |  1619 |  1179 |       ||  2798
Throw: Throwing net      |       |       |       |       |     1 |     1 |     1 |     1 ||     4
Invok: Berserk           |     1 |       |     1 |       |     3 |     1 |     1 |       ||     7
       Brothers in Arms  |       |       |       |       |       |     3 |    10 |       ||    13
Evoke: Wand              |       |       |    20 |    58 |     7 |    21 |    26 |    15 ||   147
       Phial of floods   |       |       |       |       |       |       |     1 |     1 ||     2
       Horn of Geryon    |       |       |       |       |       |       |       |     1 ||     1
  Use: Scroll            |       |       |    14 |    12 |     7 |     9 |    15 |     5 ||    62
       Potion            |       |       |     6 |       |     6 |     6 |     2 |     2 ||    22
 Stab: Sleeping          |     6 |     8 |    10 |    31 |    28 |     1 |     1 |       ||    85
       Distracted        |     1 |     1 |     1 |     6 |     6 |       |     1 |       ||    16
       Invisible         |       |       |     3 |       |       |       |       |       ||     3
       Paralysed         |       |       |       |     7 |       |       |    21 |     7 ||    35
       Held in net/web   |       |       |       |       |     2 |       |     2 |     3 ||     7
       Confused          |       |       |       |       |       |       |       |    10 ||    10
  Eat: Ration            |       |     3 |     2 |     5 |    14 |     9 |    10 |     3 ||    46
Armor: Animal skin       |     4 |     5 |    10 |       |       |       |       |       ||    19
       Robe              |       |       |     1 |    36 |    53 |       |       |       ||    90
       Ice dragon scales |       |       |       |       |   177 |   191 |    84 |       ||   452
       Quicksilver drago |       |       |       |       |       |       |    15 |       ||    15
       Gold dragon scale |       |       |       |       |       |       |   230 |   523 ||   753
Dodge: Dodged            |    53 |   100 |   192 |   580 |  1237 |   687 |   980 |   772 ||  4601
Block: Buckler           |       |       |       |       |   484 |   312 |   393 |   387 ||  1576
       Reflection        |       |       |       |       |       |     6 |       |       ||     6

Table legend:
 A = Spawn XP
 B = Non-spawn XP
 C = Spawn XP percentage of total XP
 D = Spawn monster count
 E = Non-spawn monster count
 F = Spawn count percentage of total count
 G = Total turns spent on level
                    A         B        C        D         E        F      G
               +---------+---------+-------+---------+---------+-------+---------
         Total |       0 |  782055 |   0.0 |       0 |    1603 |   0.0 | 73556
               +---------+---------+-------+---------+---------+-------+---------
           D:1 |       0 |      43 |   0.0 |       0 |      18 |   0.0 |   971
           D:2 |       0 |     275 |   0.0 |       0 |      18 |   0.0 |   913
           D:3 |       0 |      40 |   0.0 |       0 |      10 |   0.0 |  1797
           D:4 |       0 |     237 |   0.0 |       0 |      15 |   0.0 |   876
           D:5 |       0 |     536 |   0.0 |       0 |       9 |   0.0 |   743
           D:6 |       0 |    1425 |   0.0 |       0 |      21 |   0.0 |  1203
           D:7 |       0 |    1522 |   0.0 |       0 |      32 |   0.0 |  1346
           D:8 |       0 |    2588 |   0.0 |       0 |      19 |   0.0 |   907
           D:9 |       0 |    4796 |   0.0 |       0 |      41 |   0.0 |  1750
          D:10 |       0 |    3827 |   0.0 |       0 |      21 |   0.0 |   757
          D:11 |       0 |    8500 |   0.0 |       0 |      79 |   0.0 |  1514
          D:12 |       0 |    6102 |   0.0 |       0 |      45 |   0.0 |  1106
          D:13 |       0 |    5565 |   0.0 |       0 |      21 |   0.0 |  1058
          D:14 |       0 |   19380 |   0.0 |       0 |      54 |   0.0 |  2104
          D:15 |       0 |   26299 |   0.0 |       0 |      69 |   0.0 |  2872
        Lair:1 |       0 |    6708 |   0.0 |       0 |      26 |   0.0 |  2065
        Lair:2 |       0 |    8739 |   0.0 |       0 |      25 |   0.0 |  1696
        Lair:3 |       0 |    4100 |   0.0 |       0 |      30 |   0.0 |  1797
        Lair:4 |       0 |    6095 |   0.0 |       0 |      22 |   0.0 |  1066
        Lair:5 |       0 |    4567 |   0.0 |       0 |      16 |   0.0 |  1449
        Lair:6 |       0 |   21404 |   0.0 |       0 |      53 |   0.0 |  2716
         Orc:1 |       0 |    2854 |   0.0 |       0 |      20 |   0.0 |   862
         Orc:2 |       0 |   14582 |   0.0 |       0 |      92 |   0.0 |  2118
         Elf:1 |       0 |   16784 |   0.0 |       0 |      37 |   0.0 |  1312
         Elf:2 |       0 |   47870 |   0.0 |       0 |      65 |   0.0 |  3158
         Elf:3 |       0 |   67380 |   0.0 |       0 |      67 |   0.0 |  3124
      Depths:1 |       0 |   90976 |   0.0 |       0 |     147 |   0.0 |  7568
      Depths:2 |       0 |  101794 |   0.0 |       0 |     131 |   0.0 |  6253
      Depths:3 |       0 |   64899 |   0.0 |       0 |      83 |   0.0 |  3322
      Depths:4 |       0 |   55083 |   0.0 |       0 |      52 |   0.0 |  4121
      Depths:5 |       0 |  109263 |   0.0 |       0 |     102 |   0.0 |  4875
          Hell |       0 |   34461 |   0.0 |       0 |      53 |   0.0 |  1986
         Dis:1 |       0 |    6484 |   0.0 |       0 |      16 |   0.0 |   578
         Dis:2 |       0 |   11374 |   0.0 |       0 |      27 |   0.0 |   608
         Dis:4 |       0 |    3144 |   0.0 |       0 |       6 |   0.0 |   457
         Dis:6 |       0 |    2087 |   0.0 |       0 |       6 |   0.0 |   153
         Dis:7 |       0 |    3261 |   0.0 |       0 |       1 |   0.0 |    52
        Bailey |       0 |    1476 |   0.0 |       0 |      16 |   0.0 |   184
         IceCv |       0 |    5417 |   0.0 |       0 |      20 |   0.0 |  1002
        WizLab |       0 |   10118 |   0.0 |       0 |      18 |   0.0 |   969
               +---------+---------+-------+---------+---------+-------+---------
